Map: Ruins of Endion

Players

Braveheart

  • Race: Zerg Zerg
  • League: Master

ThisGameSuck - Winner!

  • Race: Protoss Protoss
  • League: Grandmaster

VOD

Have the link to the VOD?

Description

Time

  • Played on: June 30, 2016, 1:23 p.m.
  • Length: 10:26
Show
View Real Time Build Order
Export as new Build Order

Braveheart Zerg 

Build Orders: Pool First, Lurkers 

Get SALT Encoding   

  12  0:02  Drone  
  13  0:14  Overlord  
  13  0:18  Drone  
  14  0:33  Drone x2  
  16  0:37  Drone  
  17  0:45  Spawning Pool  
  16  0:52  Drone  
  17  0:58  Drone  
  18  1:21  Hatchery  
  17  1:32  Queen  
  19  1:33  Zergling x6  
  22  1:44  Overlord  
  22  1:57  Hatchery  
  22  1:59  Drone  
  22  2:16  Queen  
  22  2:17  Drone x2  
  26  2:37  Drone  
  26  2:38  Drone  
  26  2:39  Queen, Drone  
  31  2:44  Drone  
  31  2:49  Overlord  
  32  2:55  Drone  
  33  3:00  Drone  
  33  3:01  Queen  
  36  3:07  Overlord  
  36  3:10  Overlord  
  36  3:12  Drone  
  36  3:22  Drone x3  
  39  3:28  Drone  
  39  3:30  Drone x3  
  39  3:33  Drone  
  45  3:34  Drone  
  45  3:36  Drone  
  45  3:40  Extractor  
  45  3:41  Extractor  
  44  3:42  Drone x2  
  44  3:48  Extractor, Drone x2  
  47  3:49  Drone  
  47  3:51  Drone  
  47  3:53  Drone  
  51  3:55  Drone  
  51  3:58  Drone  
  51  3:59  Drone  
  51  4:00  Drone  
  51  4:01  Drone  
  55  4:05  Drone  
  55  4:07  Drone  
  55  4:08  Drone x2  
  59  4:10  Drone  
  59  4:14  Drone  
  59  4:16  Queen  
  63  4:17  Drone  
  63  4:20  Drone  
  65  4:24  Lair  
  65  4:30  Overlord x2  
  65  4:31  Spore Crawler  
  64  4:39  Overlord x2, Spore Crawler  
  64  4:45  Evolution Chamber  
  62  4:46  Extractor x2  
  62  4:49  Extractor, Drone  
  62  4:50  Drone x5  
  65  4:57  Drone x2  
  65  4:58  Drone  
  65  4:59  Drone x4  
  72  5:02  Drone x2  
  72  5:06  Queen  
  74  5:08  Drone x2  
  78  5:16  Zerg Missile Weapons Level 1  
  78  5:22  Drone x2  
  78  5:23  Overlord  
  78  5:25  Overlord x2  
  80  5:30  Drone  
  80  5:34  Overlord  
  81  5:35  Hatchery  
  81  5:40  Hydralisk Den  
  81  5:41  Drone  
  81  5:42  Drone x4  
  80  5:47  Drone  
  80  5:57  Drone  
  81  6:01  Overlord x2, Hydralisk Den  
  80  6:05  Drone  
  80  6:07  Metabolic Boost  
  80  6:09  Lurker Den  
  80  6:11  Hydralisk x5  
  81  6:14  Hydralisk  
  81  6:17  Hydralisk  
  93  6:26  Hydralisk  
  93  6:27  Hydralisk x3  
  101  6:33  Hydralisk x3  
  107  6:44  Drone  
  107  6:46  Hydralisk x5  
  116  6:51  Muscular Augments  
  118  6:56  Hydralisk x2, Evolution Chamber  
  121  7:09  Drone x2  
  121  7:13  Hydralisk x4  
  131  7:20  Zerg Missile Weapons Level 2  
  131  7:24  Hydralisk x2, Hatchery  
  134  7:43  Overlord x4  
  134  7:45  Zerg Melee Weapons Level 1  
  134  7:48  Drone  
  135  7:55  Overlord x4  
  135  8:01  Overlord x3  
  135  8:03  Hydralisk  
  135  8:04  Hydralisk x4  
  145  8:06  Hydralisk  
  145  8:07  Hydralisk  
  149  8:13  Hydralisk x2  
  149  8:16  Overlord  
  149  8:18  Zergling x2  
  149  8:19  Zergling x4  
  156  8:26  Zergling x2  
  157  8:27  Zergling x12  
  157  8:29  Drone  
  157  8:30  Extractor, Drone  
  157  8:31  Extractor  
  163  8:34  Pneumatized Carapace  
  163  8:35  Lurker x2  
  163  8:36  Lurker  
  163  8:37  Lurker  
  167  8:44  Lurker x5  
  167  8:46  Zergling x2  
  167  8:47  Zergling x4  
  175  8:52  Burrow  
  175  8:55  Drone x5  
  180  8:56  Drone  
  180  8:58  Lurker  
  180  9:02  Zergling x8  
  180  9:08  Lurker  
  180  9:09  Lurker  
  178  9:14  Zergling x16  
  178  9:15  Zergling x2  
  162  9:18  Zergling x6  
  162  9:20  Zergling x2  
  162  9:21  Zergling x2  
  162  9:22  Zergling x2  
  158  9:28  Zergling x2  
  158  9:29  Zergling x12  
  157  9:31  Zergling x2  
  157  9:36  Hydralisk  
  157  9:37  Hydralisk x2  
  126  9:38  Zergling x2  
  126  9:42  Hydralisk  
  126  9:43  Hydralisk  
  131  9:47  Lurker x3  
  131  9:48  Lurker  
  131  9:51  Hydralisk x2  
  139  9:54  Hydralisk  
  139  9:57  Hydralisk  
  143  10:02  Lurker  
  143  10:04  Zergling x4  
  147  10:07  Zergling x4  
Show
View Real Time Build Order
Export as new Build Order

ThisGameSuck Protoss - Winner!

Build Orders: 1 Gate Expand, Phoenix Opening 

Get SALT Encoding   

  12  0:01  Probe (Chrono Boost)  
  13  0:11  Probe (Chrono Boost)  
  14  0:19  Pylon  
  14  0:23  Probe (Chrono Boost)  
  15  0:37  Probe (Chrono Boost)  
  15  0:38  Gateway  
  16  0:48  Probe (Chrono Boost)  
  16  0:49  Assimilator  
  17  0:58  Probe (Chrono Boost)  
  18  1:09  Probe (Chrono Boost)  
  19  1:20  Probe (Chrono Boost)  
  20  1:26  Nexus  
  20  1:36  Cybernetics Core  
  20  1:38  Probe (Chrono Boost)  
  21  1:43  Pylon  
  21  1:50  Zealot (Chrono Boost)  
  23  1:55  Assimilator  
  23  2:00  Probe  
  23  2:14  Mothership Core (Chrono Boost)  
  25  2:20  Adept  
  27  2:29  Warp Gate  
  27  2:32  Probe (Chrono Boost)  
  28  2:39  Probe (Chrono Boost)  
  28  2:43  Probe (Chrono Boost)  
  30  2:49  Probe (Chrono Boost)  
  31  2:53  Probe (Chrono Boost)  
  32  3:00  Stargate, Probe (Chrono Boost)  
  32  3:04  Probe (Chrono Boost)  
  34  3:10  Probe (Chrono Boost)  
  35  3:14  Probe (Chrono Boost)  
  36  3:21  Probe (Chrono Boost)  
  36  3:25  Probe (Chrono Boost)  
  38  3:30  Nexus  
  38  3:32  Probe (Chrono Boost)  
  39  3:35  Probe (Chrono Boost)  
  39  3:40  Pylon  
  40  3:42  Probe (Chrono Boost)  
  40  3:44  Probe (Chrono Boost)  
  40  3:45  Phoenix (Chrono Boost)  
  44  3:53  Probe  
  44  3:55  Probe  
  45  3:57  Assimilator  
  45  4:01  Assimilator  
  46  4:02  Pylon  
  46  4:05  Probe x2  
  48  4:10  Phoenix (Chrono Boost)  
  48  4:16  Probe  
  50  4:18  Probe  
  52  4:24  Pylon  
  52  4:26  Probe  
  52  4:30  Forge  
  53  4:32  Phoenix (Chrono Boost)  
  53  4:36  Probe  
  53  4:37  Probe  
  56  4:41  Robotics Facility  
  56  4:44  Probe  
  57  4:48  Probe x2  
  60  4:53  Protoss Ground Weapons Level 1 (Chrono Boost), Phoenix (Chrono Boost)  
  60  4:55  Probe  
  60  4:59  Probe  
  63  5:00  Probe  
  65  5:08  Probe  
  65  5:09  Robotics Facility  
  65  5:10  Probe  
  67  5:15  Phoenix (Chrono Boost), Probe  
  67  5:19  Probe  
  67  5:21  Probe  
  71  5:25  Pylon  
  71  5:26  Sentry  
  71  5:27  Probe  
  75  5:29  Observer (Chrono Boost)  
  75  5:30  Probe  
  75  5:33  Probe  
  78  5:48  Phoenix  
  78  5:49  Probe  
  78  5:50  Probe  
  78  5:51  Probe  
  78  5:52  Warp Prism (Chrono Boost)  
  78  5:55  Gateway  
  83  5:57  Gateway  
  83  6:00  Assimilator  
  83  6:01  Gateway, Probe  
  83  6:02  Probe, Assimilator  
  83  6:04  Immortal (Chrono Boost)  
  89  6:06  Probe  
  89  6:11  Twilight Council  
  90  6:13  Pylon, Probe  
  90  6:16  Probe  
  90  6:18  Probe  
  93  6:31  Probe x3  
  93  6:32  Immortal (Chrono Boost)  
  100  6:42  Protoss Ground Weapons Level 2  
  100  6:43  Probe  
  100  6:44  Adept  
  101  6:54  Gateway  
  101  6:56  Gateway  
  101  6:58  Charge  
  101  6:59  Gateway  
  101  7:01  Gateway  
  101  7:03  Gateway  
  101  7:07  Gateway  
  101  7:12  Pylon  
  101  7:15  Pylon  
  101  7:17  Pylon x2  
  101  7:22  Pylon  
  101  7:25  Pylon  
  101  7:28  Pylon  
  101  7:29  Pylon  
  101  7:31  Templar Archives, Immortal x2 (Chrono Boost), Pylon  
  101  7:33  Pylon, Probe  
  110  7:37  Adept  
  110  7:38  Adept x2  
  114  7:47  Probe  
  115  7:52  Zealot x3  
  121  7:59  Gateway  
  121  8:00  Gateway  
  121  8:02  Zealot x6  
  133  8:07  Immortal (Chrono Boost)  
  137  8:22  Zealot x7  
  151  8:28  High Templar x2  
  156  8:34  Observer (Chrono Boost)  
  156  8:36  Archon  
  156  8:43  High Templar x2  
  156  8:44  High Templar x2  
  156  8:45  High Templar x3  
  156  8:47  High Templar  
  172  8:49  Archon x3  
  172  8:51  Archon  
  172  8:57  Immortal (Chrono Boost)  
  168  9:06  Zealot x3  
  146  9:20  Zealot x9  
  133  9:40  High Templar x3  
  133  9:41  High Templar  
  133  9:44  Zealot x2  
  133  9:45  Zealot x6  
  157  9:46  Archon  
  157  9:47  Archon  
  161  10:04  Zealot x2  
  161  10:05  Zealot x4  
  161  10:06  Nexus  
  137  10:22  Zealot x8  
Tags
 
Add a new tag
Caveats
  • Supply blocks, unpowered buildings, or Contaminate may cause inaccurate times.
  • Supply counts are checked every 10 seconds.